[Event "January 9 Early 2024"]
[Site "https://www.chess.com"]
[Date "2024.01.11"]
[Round "3"]
[White "Yeremyan, Alen"]
[Black "Sarana, Alexey"]
[Result "0-1"]
[Board "195"]
[TimeControl "180+1"]
[WhiteFideId "13308998"]
[BlackFideId "24133795"]
[WhiteElo "2769"]
[BlackElo "3066"]
[WhiteTeam "ARM"]
[BlackTeam "SRB"]
[WhiteClock "0:00:16"]
[BlackClock "0:00:30"]

1. Nf3 d5 2. c4 d4 3. g3 c5 4. Bg2 Nc6 5. O-O Nf6 6. d3 e5 7. e4 Be7 8. h3 h6 9. Nh2 g5 10. a3 Be6 11. Ng4 Nxg4 12. hxg4 Qd7 13. f3 f6 14. Nd2 a6 15. Rf2 b5 16. Qc2 Rb8 17. b3 h5 18. gxh5 g4 19. fxg4 Bxg4 20. Nf3 bxc4 21. bxc4 Rxh5 22. Nh4 Bd8 23. Bd2 Rh7 24. Raf1 Qb7 25. Nf5 Qb3 26. Qc1 Qxd3 27. Nh6 Be6 28. Qd1 Kd7 29. Qh5 Rb2 30. Qg6 Re7 31. Rxf6 Qxd2 32. R1f2 Qc1+ 33. Rf1 Qe3+ 34. Kh1 Qe2 35. R1f2 Qxf2 36. Rxf2 Rxf2 37. Nf5 d3 38. Nxe7 Bxe7 39. Kg1 d2 40. Qh5 Rxg2+ 41. Kxg2 Nd4 42. Qd1 Bg5 43. Qa4+ Ke7 44. Qd1 Bxc4 45. Qg4 Kf6 46. Qh5 Bf7 47. Qh8+ Kg6 48. Qh1 Bb3 0-1

[Event "January 9 Early 2024"]
[Site "https://www.chess.com"]
[Date "2024.01.11"]
[Round "3"]
[White "Weetik, Vjacheslav"]
[Black "Duda, Jan-Krzysztof"]
[Result "0-1"]
[Board "196"]
[TimeControl "180+1"]
[WhiteFideId "4153472"]
[BlackFideId "1170546"]
[WhiteElo "2763"]
[BlackElo "3045"]
[WhiteTeam "RUS"]
[BlackTeam "POL"]
[WhiteClock "0:00:01"]
[BlackClock "0:00:03"]

1. d4 Nf6 2. c4 g6 3. g3 c5 4. d5 b5 5. cxb5 a6 6. b6 d6 7. Nc3 Nbd7 8. Nf3 Bg7 9. Bg2 O-O 10. O-O Nxb6 11. h3 a5 12. Re1 Ba6 13. e4 Nfd7 14. Bf4 Nc4 15. Qc2 Rb8 16. Rab1 Rb4 17. Bf1 Qa8 18. a4 Rfb8 19. Nb5 Bxb5 20. axb5 Nxb2 21. e5 Qxd5 22. Bg2 Nd3 23. Red1 Rxb1 24. Qxb1 c4 25. exd6 exd6 26. Ne1 Qf5 27. Nxd3 Rxb5 28. Qc2 cxd3 29. Qxd3 Qxd3 30. Rxd3 Be5 31. Bh6 Nc5 32. Rd5 Rb4 33. f4 Bg7 34. Bg5 h6 35. Be7 Bf8 0-1

[Event "January 9 Early 2024"]
[Site "https://www.chess.com"]
[Date "2024.01.11"]
[Round "3"]
[White "Perossa, Nicolas"]
[Black "Papasimakopoulos, Alexandros"]
[Result "0-1"]
[Board "197"]
[TimeControl "180+1"]
[WhiteFideId "2850520"]
[BlackFideId "4244125"]
[WhiteElo "2446"]
[BlackElo "2650"]
[WhiteTeam "ITA"]
[BlackTeam "GRE"]
[WhiteClock "0:00:02"]
[BlackClock "0:00:49"]

1. d4 d5 2. Nf3 e6 3. g3 c6 4. Bg2 Bd6 5. O-O Nd7 6. Nbd2 f5 7. e3 Ngf6 8. b3 O-O 9. Bb2 Ne4 10. Ne5 g5 11. f3 Nxd2 12. Qxd2 Nxe5 13. dxe5 Bc5 14. Bd4 Bxd4 15. exd4 Bd7 16. Rac1 Qe7 17. f4 g4 18. h3 h5 19. hxg4 hxg4 20. Kf2 c5 21. c4 dxc4 22. d5 exd5 23. Bxd5+ Be6 24. bxc4 Rad8 25. Rh1 Kg7 26. Rcd1 b5 27. Qc2 bxc4 28. Qxc4 Rxd5 29. Rxd5 Rd8 30. Qxc5 Qb7 31. Rxd8 Qf3+ 32. Ke1 Qxh1+ 33. Kd2 Qg2+ 34. Kc3 Qxg3+ 35. Kb4 Qxf4+ 36. Ka5 Kg6 37. Qd6 Qc4 38. Re8 Qxa2+ 39. Kb4 Qb3+ 40. Ka5 Qd5+ 41. Qxd5 Bxd5 42. Rd8 Be4 43. Rd6+ Kf7 44. Rf6+ Ke7 45. Rg6 Bd3 46. Rg5 Ke6 47. Kb4 Kxe5 48. Kc3 Ke4 49. Rg7 Ke3 50. Re7+ Be4 51. Rg7 a5 52. Re7 a4 53. Ra7 g3 54. Rxa4 g2 55. Ra1 Kf2 56. Kd4 g1=Q 0-1

[Event "January 9 Early 2024"]
[Site "https://www.chess.com"]
[Date "2024.01.11"]
[Round "3"]
[White "Khismatullin, Denis"]
[Black "Syaputra, Arifa Rizki"]
[Result "1-0"]
[Board "198"]
[TimeControl "180+1"]
[WhiteFideId "4142578"]
[BlackFideId "7105100"]
[WhiteElo "2963"]
[BlackElo "2723"]
[WhiteTeam "RUS"]
[BlackTeam "INA"]
[WhiteClock "0:00:18"]
[BlackClock "0:00:03"]

1. c4 c5 2. g3 g6 3. Bg2 Bg7 4. Nc3 Nf6 5. e3 Nc6 6. Nge2 O-O 7. d4 d6 8. O-O Bg4 9. h3 Bxe2 10. Nxe2 Qc7 11. b3 Rfd8 12. Bb2 d5 13. cxd5 Nxd5 14. Rc1 cxd4 15. Nxd4 Qb6 16. Nxc6 bxc6 17. Qe2 Bxb2 18. Qxb2 Rac8 19. Rc4 Rd6 20. Rfc1 Rcd8 21. Qe5 f6 22. Qe4 e5 23. Kh2 Ne7 24. R4c2 Kg7 25. Qc4 R8d7 26. b4 a5 27. Rb1 axb4 28. Rxb4 Qa5 29. Rb8 Rd2 30. Rxd2 Qxd2 31. Qe6 Qd6 32. Qb3 f5 33. a4 f4 34. exf4 exf4 35. Qc3+ Kh6 36. Rb4 fxg3+ 37. fxg3 Nf5 38. Rg4 Qd2 39. Qf6 Re7 40. Rh4+ Nxh4 41. Qxh4+ 1-0

[Event "January 9 Early 2024"]
[Site "https://www.chess.com"]
[Date "2024.01.11"]
[Round "3"]
[White "Cieslak, Patryk"]
[Black "Ladan, Nicholas"]
[Result "1-0"]
[Board "199"]
[TimeControl "180+1"]
[WhiteFideId "21078882"]
[BlackFideId "30918855"]
[WhiteElo "2685"]
[BlackElo "2481"]
[WhiteTeam "POL"]
[BlackTeam "USA"]
[WhiteClock "0:00:25"]
[BlackClock "0:00:02"]

1. Nf3 Nf6 2. d4 e6 3. Bg5 h6 4. Bh4 g5 5. Bg3 Ne4 6. Nbd2 Nxg3 7. hxg3 Bg7 8. e3 d6 9. Bd3 Nd7 10. c3 b6 11. Be4 d5 12. Bd3 Bb7 13. Qc2 c5 14. O-O-O Qc7 15. Kb1 O-O-O 16. Qa4 Kb8 17. Bb5 f5 18. Rc1 Qc8 19. Ka1 a6 20. Be2 b5 21. Qc2 Qc7 22. Nb3 Qd6 23. dxc5 Nxc5 24. Nxc5 Qxc5 25. Nd4 Qb6 26. g4 f4 27. Qg6 Bxd4 28. exd4 Ka7 29. Rxh6 Rdg8 30. Qh5 Rxh6 31. Qxh6 e5 32. Qxb6+ Kxb6 33. dxe5 Re8 34. Bf3 Rxe5 35. Kb1 Kc5 36. Rd1 Bc8 37. Kc2 Be6 38. b4+ Kd6 39. Kd3 Bf7 40. Rh1 Bg6+ 41. Kd4 Re6 42. Rh6 Rf6 43. Bxd5 Ke7 44. Kc5 1-0

[Event "January 9 Early 2024"]
[Site "https://www.chess.com"]
[Date "2024.01.11"]
[Round "3"]
[White "Starozhilov, Leonid"]
[Black "Kanyamarala, Trisha"]
[Result "1-0"]
[Board "200"]
[TimeControl "180+1"]
[WhiteFideId "14106752"]
[BlackFideId "45004722"]
[WhiteElo "2769"]
[BlackElo "2505"]
[WhiteTeam "UKR"]
[BlackTeam "IRL"]
[WhiteClock "0:00:07"]
[BlackClock "0:00:01"]

1. e4 c5 2. Nf3 d6 3. Bb5+ Bd7 4. c4 Nf6 5. Nc3 a6 6. Bxd7+ Qxd7 7. d4 cxd4 8. Nxd4 Nc6 9. O-O e6 10. b3 Be7 11. Ba3 O-O 12. Nxc6 Qxc6 13. e5 Ne8 14. Qe2 Qc7 15. Rad1 b5 16. exd6 Bxd6 17. Bxd6 Nxd6 18. Qe5 Rfd8 19. c5 Ne8 20. Qxc7 Nxc7 21. b4 Kf8 22. f3 Ke7 23. Kf2 a5 24. a3 axb4 25. axb4 Ra3 26. Rxd8 Kxd8 27. Rd1+ Ke7 28. Rd3 Ke8 29. Ke3 Rb3 30. c6 Rxb4 31. Rd7 Rc4 32. Rxc7 Rxc3+ 33. Kd4 Rc4+ 34. Ke5 b4 35. Kd6 Rd4+ 36. Kc5 Rd2 37. Rb7 Rc2+ 38. Kxb4 Rxc6 39. Kb3 1-0

[Event "January 9 Early 2024"]
[Site "https://www.chess.com"]
[Date "2024.01.11"]
[Round "3"]
[White "Tasev, Dejan"]
[Black "Kashtanov, Ruslan"]
[Result "0-1"]
[Board "201"]
[TimeControl "180+1"]
[WhiteFideId "936618"]
[BlackFideId "4124871"]
[WhiteElo "2668"]
[BlackElo "2494"]
[WhiteTeam "SRB"]
[BlackTeam "RUS"]
[WhiteClock "0:00:39"]
[BlackClock "0:00:07"]

1. e4 c5 2. Nf3 a6 3. Nc3 e6 4. g3 b5 5. Bg2 Bb7 6. d3 d6 7. O-O g6 8. a4 b4 9. Nb1 Bg7 10. Nbd2 Ne7 11. Nc4 O-O 12. Rb1 Nbc6 13. b3 h6 14. Bb2 e5 15. Ne3 f5 16. Nd2 f4 17. Nec4 g5 18. f3 Ng6 19. g4 h5 20. h3 Kf7 21. c3 bxc3 22. Bxc3 a5 23. Qe2 Bf6 24. Na3 Rh8 25. Nb5 Nh4 26. Nc4 Be7 27. Be1 hxg4 28. fxg4 Ba6 29. Bc3 Rh6 30. Rf3 Rb8 31. Nca3 Nxf3+ 32. Qxf3 Nd4 33. Bxd4 cxd4 34. Rc1 Rb7 35. Rc6 Rb6 36. Rc4 Bc8 37. Qd1 Be6 38. Rc7 Kf6 39. Ra7 Qh8 40. Nc4 Bxc4 41. bxc4 Rxh3 42. Nc7 Kf7 43. Nd5 Rb2 44. Rxe7+ Kf8 45. Re8+ Kxe8 46. Nf6+ Kf7 47. Nh5 Rg3 48. Nxg3 fxg3 49. Qf3+ Qf6 50. Qxg3 Rb1+ 51. Kh2 Qf4 0-1

[Event "January 9 Early 2024"]
[Site "https://www.chess.com"]
[Date "2024.01.11"]
[Round "3"]
[White "Teillet, Benoit"]
[Black "Tifferet, Shakked"]
[Result "0-1"]
[Board "202"]
[TimeControl "180+1"]
[WhiteFideId "616591"]
[BlackFideId "2811529"]
[WhiteElo "2268"]
[BlackElo "2496"]
[WhiteTeam "FRA"]
[BlackTeam "ISR"]
[WhiteClock "0:00:05"]
[BlackClock "0:00:12"]

1. b4 b5 2. Bb2 Bb7 3. e3 a6 4. Nf3 e6 5. a3 Nf6 6. Be2 Be7 7. O-O O-O 8. c4 bxc4 9. Bxc4 c5 10. bxc5 Bxc5 11. d4 Be7 12. Nbd2 d5 13. Bd3 Nbd7 14. Rc1 Rb8 15. Nb3 Qb6 16. Rb1 Bc6 17. Nbd2 Qa5 18. Ne5 Ba4 19. Qe2 Nxe5 20. dxe5 Nd7 21. Nf3 Rfc8 22. Nd4 Nc5 23. Rfc1 Nxd3 24. Rxc8+ Rxc8 25. Qxd3 g6 26. h3 Bc5 27. Nb3 Bxb3 28. Qxb3 Qb6 29. Qxb6 Bxb6 30. Bc1 Bc7 31. f4 Ba5 32. Kf2 Rc2+ 33. Kf3 h5 34. g4 h4 35. g5 Be1 36. a4 Rf2+ 37. Kg4 Kg7 38. Rb2 Rf1 39. Rc2 Rg1+ 40. Kf3 Rg3+ 41. Ke2 Bb4 42. Rc6 a5 43. Bb2 Rg2+ 44. Kd3 Rd2# 0-1

[Event "January 9 Early 2024"]
[Site "https://www.chess.com"]
[Date "2024.01.11"]
[Round "3"]
[White "Abdulrahman Mohammad, Al Taher"]
[Black "Xie, Bryan"]
[Result "0-1"]
[Board "203"]
[TimeControl "180+1"]
[WhiteFideId "9310258"]
[BlackFideId "30941296"]
[WhiteElo "2238"]
[BlackElo "2428"]
[WhiteTeam "UAE"]
[BlackTeam "USA"]
[WhiteClock "0:00:02"]
[BlackClock "0:00:03"]

1. d4 Nf6 2. c4 e6 3. Nc3 Bb4 4. e3 O-O 5. Bd3 d5 6. cxd5 exd5 7. Ne2 c5 8. O-O Bxc3 9. bxc3 Nc6 10. a4 c4 11. Bc2 Re8 12. Ng3 b6 13. f3 h5 14. e4 h4 15. Nh1 dxe4 16. fxe4 Nxe4 17. Bxe4 Rxe4 18. Qf3 Qe8 19. Nf2 Re1 20. Bd2 Rxa1 21. Rxa1 Bb7 22. Re1 Qd7 23. Qf4 Re8 24. Qxh4 Rxe1+ 25. Bxe1 Qe8 26. Kf1 Na5 27. Qg3 Qxa4 28. Ng4 Qc6 29. Bd2 Nb3 30. Nh6+ Kh7 31. Nf5 Nxd2+ 32. Ke1 Qe4+ 33. Kxd2 Qxf5 34. Qh4+ Kg6 0-1

[Event "January 9 Early 2024"]
[Site "https://www.chess.com"]
[Date "2024.01.11"]
[Round "3"]
[White "Osmak, Yuliia"]
[Black "Gholami Orimi, Mahdi"]
[Result "0-1"]
[Board "204"]
[TimeControl "180+1"]
[WhiteFideId "14101602"]
[BlackFideId "12558486"]
[WhiteElo "2517"]
[BlackElo "2875"]
[WhiteTeam "UKR"]
[BlackTeam "IRI"]
[WhiteClock "0:00:03"]
[BlackClock "0:00:23"]

1. e4 a6 2. d4 e6 3. Nf3 b5 4. Bd3 Bb7 5. O-O c5 6. c3 cxd4 7. cxd4 Nc6 8. Nc3 Nb4 9. Bb1 Nf6 10. Qe2 d5 11. e5 Nd7 12. a3 Nc6 13. Bd3 Nb6 14. Bg5 Be7 15. Bxe7 Qxe7 16. h4 h6 17. g3 g5 18. Qe3 gxh4 19. Nxh4 Qg5 20. f4 Qg4 21. Kh2 Nc4 22. Bxc4 bxc4 23. Na4 Ne7 24. Nc5 Bc6 25. Qf3 h5 26. f5 Qxd4 27. fxe6 Qxc5 28. exf7+ Kd7 29. e6+ Kc7 30. Nf5 h4 31. Qf4+ Kb7 32. gxh4 Nxf5 33. Qxf5 Rxh4+ 34. Kg3 Rhh8 35. Qe5 Qe7 36. Rae1 Qh4+ 37. Kf3 d4+ 38. Ke2 Rh5 39. Qd6 Qe4+ 40. Kd1 Qb1+ 41. Kd2 Qxb2+ 42. Kd1 Ba4# 0-1

[Event "January 9 Early 2024"]
[Site "https://www.chess.com"]
[Date "2024.01.11"]
[Round "3"]
[White "Goncalves, Samuel Jesus P"]
[Black "Zhu, Jiner"]
[Result "0-1"]
[Board "205"]
[TimeControl "180+1"]
[WhiteFideId "1945130"]
[BlackFideId "8608059"]
[WhiteElo "2424"]
[BlackElo "2625"]
[WhiteTeam "POR"]
[BlackTeam "CHN"]
[WhiteClock "0:00:09"]
[BlackClock "0:00:14"]

1. Nf3 Nf6 2. g3 g6 3. Bg2 Bg7 4. O-O O-O 5. d4 d5 6. c4 c6 7. Ne5 Nbd7 8. Nc3 dxc4 9. Nxc4 Nb6 10. Ne5 Be6 11. b3 Nfd7 12. Nf3 c5 13. Bb2 Rc8 14. e3 Bg4 15. Rc1 cxd4 16. exd4 Nf6 17. h3 Bf5 18. Re1 Nfd5 19. Ne4 Rxc1 20. Qxc1 Qc8 21. Qxc8 Rxc8 22. g4 Bxe4 23. Rxe4 Rc2 24. Ba3 e6 25. Bc5 Rxa2 26. Ne5 Bf8 27. b4 Na4 28. Nd7 Bxc5 29. dxc5 Nac3 30. Re1 Rb2 31. Ra1 a6 32. c6 bxc6 33. Rxa6 Nxb4 34. Ra8+ Kg7 35. Ra7 Nd3 36. Bxc6 Rxf2 37. Ra3 Rc2 38. Bf3 Rc1+ 39. Kh2 Nf4 40. Kg3 Nfd5 41. Ne5 Re1 42. Nd3 Re3 43. Nf2 Ne2+ 0-1

[Event "January 9 Early 2024"]
[Site "https://www.chess.com"]
[Date "2024.01.11"]
[Round "3"]
[White "Kjartansson, David"]
[Black "Petrovic, Aleksa"]
[Result "0-1"]
[Board "206"]
[TimeControl "180+1"]
[WhiteFideId "2301130"]
[BlackFideId "967629"]
[WhiteElo "2420"]
[BlackElo "2615"]
[WhiteTeam "ISL"]
[BlackTeam "SRB"]
[WhiteClock "0:00:01"]
[BlackClock "0:00:08"]

1. e4 b6 2. d4 Bb7 3. Bd3 g6 4. c3 Bg7 5. Qe2 d6 6. f4 e6 7. Nf3 a6 8. Nbd2 Ne7 9. O-O Nd7 10. e5 d5 11. b4 c5 12. bxc5 bxc5 13. Rb1 Qc7 14. h4 h5 15. Ng5 Nf5 16. Ndf3 Ng3 17. Qf2 Nxf1 18. Qxf1 Bc6 19. Qf2 Rb8 20. Ra1 Bb5 21. Bc2 Qc6 22. a4 Bc4 23. Ba3 Bb3 24. Bd3 Bxa4 25. Qg3 Bb5 26. Nxf7 Bxd3 27. Nd6+ Kd8 28. Qg5+ Kc7 29. dxc5 Rb1+ 30. Rxb1 Bxb1 31. Nd4 Qa4 32. Nxe6+ Kb8 33. Bb4 a5 34. Qe7 axb4 35. cxb4 Be4 36. Qxg7 Rc8 37. b5 Qd1+ 0-1

[Event "January 9 Early 2024"]
[Site "https://www.chess.com"]
[Date "2024.01.11"]
[Round "3"]
[White "Kostiukov, Alexandr"]
[Black "Wadsworth, Matthew J"]
[Result "0-1"]
[Board "207"]
[TimeControl "180+1"]
[WhiteFideId "14108100"]
[BlackFideId "415804"]
[WhiteElo "2298"]
[BlackElo "2630"]
[WhiteTeam "UKR"]
[BlackTeam "ENG"]
[WhiteClock "0:00:04"]
[BlackClock "0:00:12"]

1. g3 h5 2. h4 d5 3. Bg2 c6 4. d3 Nf6 5. e4 dxe4 6. dxe4 Qxd1+ 7. Kxd1 Nbd7 8. f3 Nc5 9. Be3 e5 10. Nd2 Be6 11. Bh3 O-O-O 12. Ke2 Be7 13. Bxc5 Bxc5 14. Bxe6+ fxe6 15. Nc4 Nd7 16. Nh3 b5 17. Na5 Kc7 18. Ng5 Rhe8 19. Nb3 Bb6 20. a4 a6 21. axb5 axb5 22. Rhd1 c5 23. c4 bxc4 24. Nd2 Nb8 25. Nxc4 Rxd1 26. Kxd1 Nc6 27. Ra6 Ba7 28. Na5 Nxa5 29. Rxa7+ Nb7 30. Ra6 Nd6 31. Ra7+ Kc6 32. Rxg7 Nc4 33. Kc1 Rb8 34. Nxe6 Rxb2 35. f4 exf4 36. gxf4 Re2 37. e5 Kd5 38. Ng5 Kd4 39. Rd7+ Kc3 40. Kd1 Re3 41. Rd8 Nb2+ 42. Kc1 Re1+ 0-1

[Event "January 9 Early 2024"]
[Site "https://www.chess.com"]
[Date "2024.01.11"]
[Round "3"]
[White "Durarbayli, Vasif"]
[Black "Nepomniachtchi, Ian"]
[Result "0-1"]
[Board "208"]
[TimeControl "180+1"]
[WhiteFideId "13402935"]
[BlackFideId "4168119"]
[WhiteElo "2796"]
[BlackElo "3127"]
[WhiteTeam "AZE"]
[BlackTeam "RUS"]
[WhiteClock "0:00:02"]
[BlackClock "0:00:33"]

1. e4 c5 2. Nf3 d6 3. d4 cxd4 4. Nxd4 Nf6 5. Nc3 a6 6. Be2 e5 7. Nb3 Be7 8. Be3 O-O 9. g4 Be6 10. g5 Nfd7 11. h4 Nb6 12. f4 exf4 13. Bxf4 Nc6 14. Qd2 Rc8 15. O-O-O Ne5 16. h5 Nbc4 17. Bxc4 Nxc4 18. Qg2 Qc7 19. Rd3 Ne5 20. Rg3 a5 21. Kb1 b5 22. Nd4 b4 23. Nd5 Bxd5 24. exd5 Qc4 25. Nf5 Rce8 26. Bxe5 dxe5 27. Rg4 Qc5 28. Qe4 Bd8 29. Rf1 a4 30. Nh6+ Kh8 31. Nxf7+ Kg8 32. g6 h6 33. Qxb4 Qxd5 34. Re4 Bf6 35. Qc4 Qxc4 36. Rxc4 a3 37. b4 e4 38. Re1 e3 39. c3 Re7 40. Re2 Rfe8 41. Kc2 Rd7 42. Rf4 Re6 43. Nxh6+ gxh6 44. Rxf6 Rxf6 45. Rxe3 Rf5 46. Kb3 Rxh5 47. Re6 Rg5 48. Rc6 h5 49. c4 h4 50. b5 h3 51. Re6 h2 0-1

[Event "January 9 Early 2024"]
[Site "https://www.chess.com"]
[Date "2024.01.11"]
[Round "3"]
[White "Makarian, Rudik"]
[Black "Bologan, Victor"]
[Result "1-0"]
[Board "209"]
[TimeControl "180+1"]
[WhiteFideId "44105681"]
[BlackFideId "13900048"]
[WhiteElo "3089"]
[BlackElo "2791"]
[WhiteTeam "FID"]
[BlackTeam "MDA"]
[WhiteClock "0:00:22"]
[BlackClock "0:00:10"]

1. d4 Nf6 2. c4 e6 3. Nf3 Bb4+ 4. Bd2 Qe7 5. g3 Nc6 6. Bg2 Bxd2+ 7. Qxd2 Ne4 8. Qc2 Qb4+ 9. Kf1 Nf6 10. a3 Qe7 11. Nc3 O-O 12. h4 d6 13. Rd1 h6 14. Ng5 Re8 15. Kg1 g6 16. Nge4 Nxe4 17. Bxe4 f5 18. Bf3 Qf6 19. e3 Bd7 20. b4 Rab8 21. Kg2 Qg7 22. b5 Na5 23. Ne2 c6 24. bxc6 Bxc6 25. d5 Bd7 26. dxe6 Bxe6 27. Rxd6 Bxc4 28. Nf4 Bf7 29. Rf1 Nc6 30. Rfd1 Ne5 31. Bd5 Bxd5+ 32. R1xd5 Rbc8 33. Qb3 Kh7 34. h5 g5 35. Ng6 Rc6 36. Nxe5 Rxe5 37. Rd7 Re7 38. Qxb7 Rce6 39. Qxa7 f4 40. exf4 gxf4 41. Rxe7 Rxe7 42. Qd4 fxg3 43. Qd3+ Kg8 44. Rd8+ Kf7 45. Qf5+ Qf6 46. Rf8+ Kxf8 47. Qxf6+ Rf7 48. Qxf7+ Kxf7 49. Kxg3 1-0

[Event "January 9 Early 2024"]
[Site "https://www.chess.com"]
[Date "2024.01.11"]
[Round "3"]
[White "Kosteniuk, Alexandra"]
[Black "Martin Duque, Jesus"]
[Result "1-0"]
[Board "210"]
[TimeControl "180+1"]
[WhiteFideId "4128125"]
[BlackFideId "2208954"]
[WhiteElo "2759"]
[BlackElo "2395"]
[WhiteTeam "SUI"]
[BlackTeam "ESP"]
[WhiteClock "0:00:18"]
[BlackClock "0:00:09"]

1. d4 Nf6 2. c4 e6 3. Nc3 Bb4 4. e3 b6 5. Bd2 c5 6. d5 O-O 7. Bd3 Ba6 8. Qc2 exd5 9. cxd5 Bxd3 10. Qxd3 d6 11. Nge2 Nbd7 12. f4 a6 13. a3 Ba5 14. O-O b5 15. e4 Re8 16. Ng3 c4 17. Qf3 Nc5 18. Rae1 Qb6 19. Kh1 Nd3 20. Re2 Rad8 21. Nf5 g6 22. Be3 Qb8 23. Bd4 Nh5 24. Nh6+ Kf8 25. f5 Nhf4 26. fxg6 hxg6 27. g3 Bb6 28. Bxb6 Qxb6 29. gxf4 Kg7 30. Ng4 Rh8 31. e5 Rh4 32. e6 f5 33. e7 Re8 34. Ne3 Nxf4 35. Nxf5+ gxf5 36. Re3 Reh8 37. Rf2 Qc7 38. e8=N+ Rxe8 39. Rxe8 Qf7 40. Re1 Qg6 41. Rg1 Rg4 42. Rxg4 1-0

[Event "January 9 Early 2024"]
[Site "https://www.chess.com"]
[Date "2024.01.11"]
[Round "3"]
[White "Parra Gomez, Adrian"]
[Black "Zavgorodniy, Sergiy"]
[Result "1/2-1/2"]
[Board "211"]
[TimeControl "180+1"]
[WhiteFideId "3513106"]
[BlackFideId "14110148"]
[WhiteElo "2436"]
[BlackElo "2618"]
[WhiteTeam "CUB"]
[BlackTeam "UKR"]
[WhiteClock "0:00:08"]
[BlackClock "0:00:07"]

1. d4 Nf6 2. c4 e6 3. Nc3 Bb4 4. a3 Bxc3+ 5. bxc3 Nc6 6. f3 b6 7. e4 Ba6 8. Bd3 Na5 9. Qe2 d6 10. Rb1 Qd7 11. Nh3 c5 12. e5 dxe5 13. dxe5 Ng8 14. O-O O-O-O 15. Nf2 Ne7 16. Rd1 Qa4 17. Bg5 Rhe8 18. Ne4 Nb7 19. Rd2 h6 20. Bh4 g5 21. Bf2 Ng8 22. h4 Rd7 23. hxg5 hxg5 24. Nxg5 Red8 25. Rbd1 Na5 26. Bh4 Bxc4 27. Bxc4 Nxc4 28. Rxd7 Rxd7 29. Rxd7 Kxd7 30. Nxf7 Ke8 31. Ng5 Qb3 32. Nxe6 Qxc3 33. Qe4 Ne7 34. Qa8+ Kf7 35. Ng5+ Kg7 36. Qe8 Qa1+ 37. Kh2 Qxe5+ 38. Kg1 Qa1+ 39. Kh2 Qe5+ 40. Kg1 Qa1+ 41. Kh2 Qe5+ 1/2-1/2

[Event "January 9 Early 2024"]
[Site "https://www.chess.com"]
[Date "2024.01.11"]
[Round "3"]
[White "Parfenov, Viktor N."]
[Black "Ghosh, Chanchal Kumer"]
[Result "1-0"]
[Board "212"]
[TimeControl "180+1"]
[WhiteFideId "4165969"]
[BlackFideId "10201858"]
[WhiteElo "2535"]
[BlackElo "2055"]
[WhiteTeam "RUS"]
[BlackTeam "BAN"]
[WhiteClock "0:00:06"]
[BlackClock "0:00:06"]

1. d4 d5 2. Bf4 e6 3. e3 Nf6 4. Nf3 Bd6 5. Bg3 c5 6. dxc5 Bxg3 7. hxg3 Qa5+ 8. Nbd2 Qxc5 9. Rc1 Nc6 10. a3 a5 11. c4 a4 12. cxd5 Qxd5 13. Bc4 Qd6 14. Qe2 O-O 15. Bd3 Rd8 16. Bb1 Ne5 17. Nxe5 Qxe5 18. Nc4 Qg5 19. O-O b5 20. Nb6 Rb8 21. Nxc8 Rdxc8 22. Bd3 Ng4 23. Rfd1 Qh5 24. Rxc8+ Rxc8 25. Qf3 g6 26. Be4 Rc5 27. Bd3 Rd5 28. Rd2 Qh2+ 29. Kf1 h5 30. Ke2 Qh1 31. Be4 Rxd2+ 32. Kxd2 Qa1 33. Qd1 Qxb2+ 34. Bc2 Nxf2 35. Qe2 Ne4+ 36. Kd3 f5 37. Qe1 1-0

[Event "January 9 Early 2024"]
[Site "https://www.chess.com"]
[Date "2024.01.11"]
[Round "3"]
[White "Keymer, Vincent"]
[Black "Suyarov, Mukhammadzokhid"]
[Result "0-1"]
[Board "213"]
[TimeControl "180+1"]
[WhiteFideId "12940690"]
[BlackFideId "14210495"]
[WhiteElo "3020"]
[BlackElo "2777"]
[WhiteTeam "GER"]
[BlackTeam "UZB"]
[WhiteClock "0:00:03"]
[BlackClock "0:00:07"]

1. a3 e5 2. c4 Nc6 3. d3 Nf6 4. Nf3 d5 5. cxd5 Nxd5 6. e4 Nb6 7. Be2 Be7 8. Be3 O-O 9. O-O Be6 10. Nbd2 Kh8 11. b4 a6 12. Rc1 f5 13. Qc2 Qe8 14. Qb2 Nd7 15. exf5 Bxf5 16. Ne4 Rd8 17. Rfd1 Qg6 18. Ng3 Bg4 19. Qc2 Nb6 20. Ne1 Nd5 21. Bxg4 Qxg4 22. Qc4 Nd4 23. Bxd4 exd4 24. h3 Qh4 25. Ne4 Nc3 26. Rxc3 dxc3 27. Qxc3 Bd6 28. Rc1 Rde8 29. Rc2 Qf4 30. Nf3 h6 31. a4 c6 32. b5 axb5 33. axb5 cxb5 34. Qb3 Rc8 35. g3 Qxf3 36. Rxc8 Rxc8 37. Nxd6 Rc1+ 0-1

[Event "January 9 Early 2024"]
[Site "https://www.chess.com"]
[Date "2024.01.11"]
[Round "3"]
[White "Santos Flores, Alberto"]
[Black "Yuan, Qingyu"]
[Result "0-1"]
[Board "214"]
[TimeControl "180+1"]
[WhiteFideId "3601234"]
[BlackFideId "8609772"]
[WhiteElo "2503"]
[BlackElo "2756"]
[WhiteTeam "ECU"]
[BlackTeam "CHN"]
[WhiteClock "0:00:01"]
[BlackClock "0:00:10"]

1. e4 c6 2. c4 d5 3. exd5 cxd5 4. cxd5 Nf6 5. Qa4+ Nbd7 6. Bc4 g6 7. Nc3 Bg7 8. Nf3 O-O 9. d3 a6 10. Qa3 b6 11. O-O Bb7 12. Re1 b5 13. Bb3 Re8 14. h3 Nb6 15. d6 Qxd6 16. Qxd6 exd6 17. Be3 Nbd5 18. Bd4 Nxc3 19. bxc3 Bxf3 20. gxf3 Nh5 21. Bd5 Rab8 22. Re4 Rxe4 23. dxe4 Nf4 24. Bxg7 Kxg7 25. Kh2 Rc8 26. Rc1 Nd3 27. Rc2 a5 28. Kg3 g5 29. h4 h6 30. hxg5 hxg5 31. a3 Kf6 32. Bb3 Nf4 33. Ba2 b4 34. axb4 axb4 35. c4 Ra8 36. Rb2 Nd3 37. Rd2 Nf4 38. Rxd6+ Ke5 39. Rd2 Ra3 0-1

[Event "January 9 Early 2024"]
[Site "https://www.chess.com"]
[Date "2024.01.11"]
[Round "3"]
[White "Khouri, Ahmed Abbas"]
[Black "Chylewski, Patryk"]
[Result "1-0"]
[Board "215"]
[TimeControl "180+1"]
[WhiteFideId "9301518"]
[BlackFideId "1186191"]
[WhiteElo "2257"]
[BlackElo "2527"]
[WhiteTeam "UAE"]
[BlackTeam "POL"]
[WhiteClock "0:00:09"]
[BlackClock "0:00:05"]

1. e4 g6 2. d4 Bg7 3. Nc3 d6 4. Be3 c6 5. Qd2 b5 6. Bd3 a5 7. h3 a4 8. a3 Nf6 9. Nf3 O-O 10. Ne2 Bb7 11. Ng3 Qc7 12. O-O Nbd7 13. Bh6 e6 14. Rfe1 Ne8 15. c3 f6 16. h4 Nb6 17. h5 Bxh6 18. Qxh6 Qg7 19. Qxg7+ Kxg7 20. hxg6 hxg6 21. Rac1 Ba6 22. Nd2 d5 23. exd5 exd5 24. Re7+ Rf7 25. Rce1 Nd6 26. b3 Ra7 27. R7e6 Rad7 28. bxa4 Nxa4 29. Nb3 Rd8 30. Nc5 Bc8 31. Re7 Nxc5 32. dxc5 Nb7 33. Re8 Rf8 34. R1e7+ Kg8 35. Rxd8 Rxd8 36. Bxg6 Nxc5 37. Nh5 Kf8 38. Rf7+ Kg8 39. Nxf6+ Kh8 40. Rh7# 1-0

[Event "January 9 Early 2024"]
[Site "https://www.chess.com"]
[Date "2024.01.11"]
[Round "3"]
[White "Mena, Martin"]
[Black "Holtel, Jasper"]
[Result "1-0"]
[Board "216"]
[TimeControl "180+1"]
[WhiteFideId "10651225"]
[BlackFideId "12956376"]
[WhiteElo "2091"]
[BlackElo "2334"]
[WhiteTeam "EGY"]
[BlackTeam "GER"]
[WhiteClock "0:00:02"]
[BlackClock "0:00:23"]

1. c4 Nf6 2. g3 g6 3. Bg2 Bg7 4. Nc3 O-O 5. d3 d6 6. Bg5 c5 7. Qd2 Nc6 8. e4 Ne8 9. Nge2 Nc7 10. O-O Bg4 11. f3 Bd7 12. h3 Ne6 13. Bh6 Ned4 14. Bxg7 Kxg7 15. f4 f6 16. Nxd4 Nxd4 17. Ne2 Nxe2+ 18. Qxe2 e5 19. f5 Rb8 20. a4 Qa5 21. h4 a6 22. g4 Qb4 23. g5 fxg5 24. f6+ Kf7 25. hxg5 h6 26. gxh6 Rh8 27. Qe3 Qxb2 28. Rfb1 Qd4 29. Qxd4 cxd4 30. Rb6 Bc6 31. Rab1 Rbd8 32. Bh3 Rxh6 33. Bg4 Rdh8 34. Rxb7+ Bxb7 35. Rxb7+ 1-0